 Dungeon Crawl Stone Soup version 0.17-a0-1646-geb1493d (webtiles) character file.

315 wvc the Poker (level 6, -1/47 HPs)
             Began as a Mummy Chaos Knight on Aug 9, 2015.
             Slain by an ogre
             ... wielding a +0 giant club
              (12 damage)
             ... on level 4 of the Dungeon.
             The game lasted 00:06:17 (3434 turns).

wvc the Poker (Mummy Chaos Knight)                  Turns: 3434, Time: 00:06:18

Health: -1/47      AC:  6    Str: 16    XL:     6   Next: 20%
Magic:  6/6        EV: 11    Int: 11    God:    Xom [.*....]
Gold:   190        SH:  0    Dex: 15    Spells: 0 memorised, 5 levels left

rFire  x . .     SeeInvis .     a - +0 spear (chaos)
rCold  + . .     Clarity  .     b - +3 leather armour
rNeg   + + +     SustAt   .     (no shield)
rPois  ∞         Gourm    .     (no helmet)
rElec  .         Spirit   .     (no cloak)
rCorr  .         Warding  .     (no gloves)
rMut   .         Stasis   .     (no boots)
MR     .....                    (no amulet)
Stlth  +.........               (no ring)
                                e - +2 ring of dexterity (curse)

@: not resistant to hostile enchantments, very unstealthy
A: no food or potions, fire vulnerability, cold resistance 1, negative energy
resistance 3, torment resistance, unbreathing
a: Renounce Religion


You were on level 4 of the Dungeon.
You worshipped Xom.
You were a plaything of Xom.
You were not hungry.

You visited 1 branch of the dungeon, and saw 4 of its levels.

You collected 190 gold pieces.

Inventory:

Hand weapons
 a - a +0 spear of chaos (weapon)
Armour
 b - a +3 leather armour (worn)
Jewellery
 e - a cursed +2 ring of dexterity (left hand)
Magical devices
 j - a wand of teleportation (7)
Scrolls
 c - a scroll of noise
 d - a scroll of enchant armour
 f - a scroll of identify
 g - 4 scrolls of remove curse
 h - 2 scrolls of recharging


   Skills:
 - Level 3.0 Fighting
 * Level 5.7 Polearms
 - Level 1.5 Armour
 - Level 1.3 Dodging


You had 5 spell levels left.
You didn't know any spells.

Dungeon Overview and Level Annotations

Branches:
Dungeon (4/15)
 Temple: D:4-7

Altars:
Yredelemnul
The Shining One

Annotations:
D:2 Sigmund


Innate Abilities, Weirdness & Mutations

You do not eat or drink.
Your flesh is vulnerable to fire.
You are immune to poison.
Your flesh is cold resistant.
You are immune to negative energy.
You are immune to unholy pain and torment.
You can survive without breathing.


Message History

The ogre is moderately wounded. x2
You completely miss the ogre.
The ogre is moderately wounded.
The ogre hits you with a giant club!!
* * * LOW HITPOINT WARNING * * *
A shower of butterflies erupts from you!
You are too injured to fight recklessly!
Attack whom?
Press: ? - help, Dir - move target cursor, f - ogre
Aim: an ogre, wielding a giant club (moderately wounded)
You reach to attack!
You hit the ogre. You burn the ogre.
The ogre is heavily wounded.
Attack whom?
Press: ? - help, Dir - move target cursor, f/p - ogre
Aim: an ogre, wielding a giant club (heavily wounded)
You barely miss the ogre.
The ogre is heavily wounded.
The ogre hits you with a giant club!
You die...
Xom guffaws!

#.####...##.##'
#..#.##.####...##'##.
#.....+...#........#.
#.....#...#........+.
#.....#...#........#.
#.....#...'........#. #
#...###..####+#####.
...##..b###..####.. #.
.......@.#......'... ..
......)O.'......#.......
......†b.#......#.......
...b.....#.....##.......
.........#..b..##.......
.=.###...###...##.......
... ###'####'###.......
.. ...#....'........
...'....#........


You could see an ogre.

Vanquished Creatures
  A hound (D:4)
  An orc priest (D:3)
  2 centaur skeletons (D:4)
  2 worker ants (D:4)
  5 adders
  2 oozes
  2 worms
  3 orcs
  7 giant cockroaches
  13 goblins
  8 hobgoblins
  3 jackals (D:3)
  3 quokkas
  5 bats
  A giant gecko (D:3)
  A giant newt (D:2)
  2 gnoll zombies (D:3)
  5 kobolds
  27 rats
93 creatures vanquished.

Vanquished Creatures (collateral kills)
  An adder (D:3)
  An orc (D:3)
  A goblin (D:1)
  A giant gecko (D:1)
4 creatures vanquished.

Grand Total: 97 creatures vanquished

Notes
Turn   | Place    | Note
--------------------------------------------------------------
     0 | D:1      | wvc the Mummy Chaos Knight began the quest for the Orb.
     0 | D:1      | Reached XP level 1. HP: 18/18 MP: 1/1
    33 | D:1      | XOM: harmless Divn miscast
    83 | D:1      | Found a glowing golden altar of the Shining One.
   118 | D:1      | Reached XP level 2. HP: 21/24 MP: 2/2
   127 | D:1      | XOM: divination: detect items
   352 | D:1      | XOM: silly message
   801 | D:2      | XOM: harmless Summ miscast
   953 | D:2      | XOM: colour smoke trail
  1147 | D:2      | Reached XP level 3. HP: 29/29 MP: 3/3
  1512 | D:2      | Noticed Sigmund
  1529 | D:2      | XOM: butterfly on damage
  1533 | D:2      | XOM: harmless Trmt miscast
  1541 | D:2      | XOM: enchant monster (good)
  1973 | D:2      | XOM: harmless Necr miscast
  2030 | D:3      | Reached skill level 1 in Dodging
  2064 | D:3      | XOM: enchant monster (good)
  2068 | D:3      | Reached XP level 4. HP: 30/35 MP: 4/4
  2072 | D:3      | XOM: butterfly on damage
  2072 | D:3      | XOM: smoke on damage
  2074 | D:3      | XOM: summons friendly iron imp
  2076 | D:3      | Reached skill level 4 in Polearms
  2402 | D:3      | XOM: god gift: 8 needles of paralysis
  2456 | D:3      | XOM: medium Hex miscast
  2468 | D:3      | XOM: harmless Summ miscast
  2543 | D:3      | Reached XP level 5. HP: 39/41 MP: 5/5
  2688 | D:3      | Found a basalt altar of Yredelemnul.
  2826 | D:3      | XOM: god gift: silver wand {god gift}
  3030 | D:4      | Noticed an ogre
  3031 | D:4      | Noticed an ogre
  3060 | D:4      | Reached skill level 5 in Polearms
  3208 | D:4      | XOM: mild Necr miscast
  3216 | D:4      | XOM: blink monster(s)
  3343 | D:4      | Reached XP level 6. HP: 34/47 MP: 6/6
  3430 | D:4      | XOM: butterfly on damage
  3434 | D:4      | Slain by an ogre

Vault maps used:
D:1:      sevenhm_arrival_forest_fort_large_2, tso_altar
D:2:      first_bread, uniq_sigmund
D:3:      lemuel_zombie_altar_yredelemnul, minmay_rat_hole

Action                   |  1- 3 |  4- 6 || total
-------------------------+-------+-------++-------
Melee: Spear             |   151 |   182 ||   333
  Use: Scroll            |     6 |     3 ||     9
 Stab: Sleeping          |     2 |     1 ||     3
       Distracted        |     1 |       ||     1
       Confused          |     1 |       ||     1
       Paralysed         |       |     2 ||     2
       Petrifying        |       |     2 ||     2
